 Dungeon Crawl Stone Soup version 0.31.0-32-g396128a36d (webtiles) character file.

Game seed: 16388177728625362493

425 chippings the Shooter (level 6, -1/52 HPs)
             Began as a Draconian Wanderer on Apr 4, 2024.
             Killed by divine providence
             ... invoked by an orc priest
              (8 damage)
             ... on level 4 of the Dungeon.
             The game lasted 00:07:01 (2668 turns).

chippings the Shooter (Draconian Wanderer)          Turns: 2668, Time: 00:07:02

Health: -1/52      AC:  8    Str: 24    XL:     6   Next: 64%
Magic:  6/6        EV: 11    Int: 13    God:
Gold:   216        SH:  0    Dex: 10    Spells: 5/5 levels left

rFire   . . .        m - +9 orcbow "Hellblazer" {heavy, Dex+2}
rCold   . . .        (shield currently unavailable)
rNeg    . . .        (body armour unavailable)
rPois   +            (helmet restricted)
rElec   .            (no cloak)
rCorr   .            G - +0 pair of gloves
SInv    .            B - +0 pair of boots
Will    .....        (no amulet)
Stlth   ++           l - ring of poison resistance
HPRegen 0.28/turn    r - +6 ring of strength
MPRegen 0.10/turn

%: no passive effects
@: studying Alchemy
A: AC +6, unfitting armour, cold-blooded
a: no special abilities


You were on level 4 of the Dungeon.
You visited 1 branch of the dungeon, and saw 4 of its levels.

You collected 216 gold pieces.

Inventory:

Hand Weapons
 a - a +2 quarterstaff
 m - the +9 orcbow "Hellblazer" (weapon) {heavy, Dex+2}
   (You found it on level 2 of the Dungeon)

   Dex+2:     It affects your dexterity (+2).
 v - a +1 halberd of electrocution
Missiles
 c - 9 boomerangs
 d - 2 throwing nets
 e - 6 poisoned darts
Armour
 B - a +0 pair of boots (worn)
 G - a +0 pair of gloves (worn)
Jewellery
 k - an amulet of the acrobat
 l - a ring of poison resistance (left hand)
 r - a +6 ring of strength (right hand)
Wands
 n - a wand of flame (6)
Scrolls
 f - 2 scrolls of fear
 j - a scroll of teleportation {unknown}
 o - a scroll of immolation {unknown}
 q - a scroll of blinking {unknown}
 w - 2 scrolls of identify
Potions
 b - 3 potions of attraction
 g - 2 potions of enlightenment
 h - a potion of curing
 i - a potion of haste
 p - a potion of mutation
 s - a potion of lignification
 t - a potion of brilliance
 u - a potion of degeneration {unknown}


   Skills:
 - Level 4.0 Fighting
 - Level 4.0 Staves
 * Level 4.4 Ranged Weapons
 - Level 1.7 Throwing
 - Level 1.0 Dodging
 - Level 3.6 Stealth


You had 5 spell levels left.
You didn't know any spells.
Your spell library was empty.

Dungeon Overview and Level Annotations

Branches:
Dungeon (4/15)
 Temple: D:4-7

Altars:
Kikubaaqudgha


Innate Abilities, Weirdness & Mutations

Your plain brown scales are hard. (AC +6)
You cannot fit into any form of body armour.
You are cold-blooded and may be slowed by cold attacks.


Message History

You shoot an arrow.
The arrow closely misses the orc wizard.
The orc wizard hits you but does no damage. x2
You shoot an arrow. The arrow hits the orc wizard!!
You kill the orc wizard!
The orc priest mumbles some strange prayers to Beogh against you.
Beogh smites you!
You shoot an arrow.
The arrow hits the orc priest but does no damage.
The orc priest hits you with a +2 whip of venom.
You are poisoned.
Fire: m) +9 orcbow "Hellblazer" {heavy, Dex+2}
Press: ? - help, Q - select action, (/) - cycle Shift-Dir - straight line, f/p - orc priest
Aim: an orc priest, wielding a +2 whip of venom and wearing a +0 chain mail (72% to hit)
You shoot an arrow.
The arrow closely misses the orc priest.
You feel very sick.
The orc priest hits you but does no damage.
You are more poisoned.
A ball python comes into view.
The orc priest hits you with a +2 whip of venom!
* * * LOW HITPOINT WARNING * * *
You shoot an arrow. The ball python hisses angrily.
The arrow hits the orc priest!
The orc priest is heavily wounded.
* * * LOW HITPOINT WARNING * * *
You feel very sick. The orc priest closely misses you.
The orc priest miscasts a cantrip.
It was a potion of curing.
You feel better.
The orc priest calls down the wrath of Beogh upon you.
Beogh smites you!
* * * LOW HITPOINT WARNING * * *
You shoot an arrow.
The arrow hits the orc priest but does no damage.
The orc priest is heavily wounded.
The orc priest invokes the aid of Beogh against you.
Beogh smites you!
You die...

#### #.. #.####
#@...#
#....)o..#.#
####S#...#.# ))
#...#.#### ...
#.#.#....#####
..
..............#
.
>#............#
#.###(.........#
##..........#


You could see an orc priest and a ball python.

Vanquished Creatures
  An ogre (D:3)
  The ghost of metalburner8 the Shield-Bearer, a weakling GrFi (D:3)
  An orc priest (D:4)
  A gnoll bouda (D:3)
  An orc wizard (D:4)
  5 adders
  9 gnolls
  A dart slug (D:3)
  12 orcs
  6 ball pythons
  9 endoplasms
  4 giant cockroaches
  5 goblins
  6 hobgoblins
  3 kobolds
  3 quokkas
  2 bats
  7 frilled lizards
  7 rats
84 creatures vanquished.

Notes
Turn   | Place    | Note
-------+----------+-------------------------------------------
     0 | D:1      | chippings the Draconian Wanderer began the quest for the
                  | Orb.
     0 | D:1      | chippings set off with the following items: a +2
                  | quarterstaff, 2 potions of attraction, 9 boomerangs, a +0
                  | dagger.
     0 | D:1      | Reached XP level 1. HP: 14/14 MP: 1/1
   234 | D:1      | Reached skill level 1 in Fighting
   307 | D:1      | Reached XP level 2. HP: 21/23 MP: 2/2
  1118 | D:2      | Reached XP level 3. HP: 26/29 MP: 3/3
  1345 | D:2      | Identified the +9 orcbow "Hellblazer" {heavy, Dex+2}
  1646 | D:2      | Reached XP level 4. HP: 37/37 MP: 4/4
  1714 | D:3      | Reached skill level 1 in Ranged Weapons
  1714 | D:3      | Found an ancient bone altar of Kikubaaqudgha.
  1743 | D:3      | Found a transporter.
  1755 | D:3      | Noticed an ogre
  1758 | D:3      | Killed an ogre
  1759 | D:3      | Reached XP level 5. HP: 45/45 MP: 5/5
  2025 | D:3      | Found a transporter.
  2228 | D:3      | Noticed metalburner8's ghost (weakling GrFi)
  2261 | D:3      | Reached XP level 6. HP: 40/52 MP: 6/6
  2263 | D:3      | Killed metalburner8's ghost
  2668 | D:4      | Killed from afar by an orc priest

Illustrated notes

Levels and vault maps discovered:
D:1:      kilobyte_arrival_exit_the_forest, layout_basic
D:2:      layout_basic, corexii_leaking_fountain
D:3:      minmay_angry_zag, layout_basic, kiku_gazebo_pond_becter,
          gammafunk_ghost_gnarly_gnolls
D:4:      layout_basic, nicolae_alphabet_shops, wad_rectangle_vault,
          uniq_menkaure

Skill      XL: |  1  2  3  4  5  6 |
---------------+-------------------+-----
Fighting       | 1 2 3 4 |  4.0
Staves         | 4 |  4.0
Ranged Weapons | 2 3 4 |  4.4
Throwing       | |  1.7
Dodging        | |  1.0
Stealth        | |  3.6

Action                     |  1- 3 |  4- 6 || total
---------------------------+-------+-------++-------
  Melee: Quarterstaff      |    77 |     9 ||    86
         Tailslap          |     2 |     1 ||     3
   Fire: Orcbow            |    11 |    66 ||    77
    Use: Scroll            |       |     7 ||     7
         Potion            |       |     2 ||     2
   Stab: Sleeping          |     4 |       ||     4
 Armour: Skin              |    51 |    53 ||   104
  Dodge: Dodged            |    51 |    38 ||    89
